 Dungeon Crawl Stone Soup version 0.21-a0-196-g6a663c0 (webtiles) character file.

139 tehllama the Insei (level 5, 0/49 HPs)
             Began as an Octopode Transmuter on Aug 16, 2017.
             Succumbed to a scorpion's poison
             ... on level 4 of the Dungeon.
             The game lasted 00:03:54 (3098 turns).

tehllama the Insei (Octopode Transmuter)            Turns: 3098, Time: 00:03:54

Health: 0/49       AC: 22    Str: 10    XL:     5   Next: 22%
Magic:  8/8        EV:  2    Int: 16    God:
Gold:   104        SH:  0    Dex: 12    Spells: 7/8 levels left

rFire    . . .     SeeInvis .     - Unarmed
rCold    . . .     Gourm    .   (no shield)
rNeg     + + +     Faith    .   (helmet currently unavailable)
rPois    +         Spirit   .   (no amulet)
rElec    .         Reflect  .   (no ring)
rCorr    .         Harm     .   (no ring)
MR       .....     NoTele   +   (no ring)
Stlth    ++........             (no ring)
HPRegen  0.16/turn              (no ring)
MPRegen  0.11/turn              (no ring)
                                (no ring)
                                (no ring)

@: lethally poisoned (0 -> -15), tree-form
A: almost no armour, stealthy swim, (amphibious), 8 rings, (constrict 8)
a: no special abilities


You were on level 4 of the Dungeon.
You were hungry.
You were a tree.
You visited 1 branch of the dungeon, and saw 4 of its levels.

You collected 104 gold pieces.

Inventory:

Missiles
 a - 101 arrows
Jewellery
 j - an uncursed ring of protection from magic {unknown}
Wands
 n - a wand of flame (14/48)
 s - a wand of iceblast (9/15)
Scrolls
 d - 6 scrolls of identify {unknown}
 e - a scroll of remove curse {unknown}
 f - 2 scrolls of enchant armour {unknown}
 h - 4 scrolls of teleportation {unknown}
 i - a scroll of amnesia {unknown}
 k - a scroll of fear {unknown}
 l - 3 scrolls of magic mapping {unknown}
 o - a scroll of immolation {unknown}
 p - a scroll of recharging {unknown}
 q - a scroll of noise {unknown}
Books
 b - a book of Changes

   Spells                             Type                      Level
   a - Beastly Appendage              Transmutation                1
   b - Sticks to Snakes               Transmutation                2
   c - Spider Form                    Transmutation/Poison         3
   d - Ice Form                       Ice/Transmutation            4
   e - Blade Hands                    Transmutation                5
Comestibles
 c - 2 bread rations
 m - a chunk of flesh
 r - 4 fruits


   Skills:
 - Level 1.0 Fighting
 - Level 2.0 Dodging
 + Level 3.9 Stealth
 + Level 4.9 Unarmed Combat
 - Level 2.0 Spellcasting
 - Level 2.0 Transmutations


You had 7 spell levels left.
You knew the following spells:

 Your Spells              Type           Power        Failure   Level  Hunger
a - Beastly Appendage     Tmut           #.....       9%          1    #......


Dungeon Overview and Level Annotations

Branches:
Dungeon (4/15)
 Temple: D:4-7

Altars:
Ashenzari
Yredelemnul


Innate Abilities, Weirdness & Mutations

You cannot wear most types of armour.
You are very stealthy in the water. (Stealth+)
((You are amphibious.))
You can wear up to eight rings at the same time.
((You can use your tentacles to constrict eight enemies at once.))
((Your skin changes colour to match your surroundings (Stealth+).))
((Your rubbery body absorbs attacks. (AC +1, EV +1)))


Message History

You constrict the scorpion, but do no damage.
* * * LOW HITPOINT WARNING * * *
You feel sick. The scorpion stings you.
* * * LOW HITPOINT WARNING * * *
It was a potion of lignification.
Your tentacle spike disappears.
You turn into a tree.
Your roots penetrate the ground.
You lose your grip on the scorpion.
You are feeling hungry.
* * * LOW HITPOINT WARNING * * *
You feel sick.
The scorpion stings you but does no damage.
You hit the scorpion but do no damage.
The scorpion is heavily wounded.
* * * LOW HITPOINT WARNING * * *
You feel sick.
Unknown command.
You hit the scorpion.
The scorpion is heavily wounded.
You die...

#### . ##..## #.#
##....# #####...#
#.....###.......#
##........♣s......
##..............#..
##..........######
#.........### #.....
##........# #.....
#.......## #....
#......## ##....
##.....##########..#
#.#######..........#


You could see a scorpion.

Vanquished Creatures
  6 adders
  2 oozes
  An adder skeleton (D:3)
  2 worms (D:2)
  2 dart slugs
  4 leopard geckos
  A ball python (D:3)
  5 bats
  3 giant cockroaches
  7 goblins
  3 hobgoblins
  9 kobolds
  4 quokkas
  5 frilled lizards
  A jackal zombie (D:3)
  A leopard gecko skeleton (D:3)
  10 rats
66 creatures vanquished.

Vanquished Creatures (others)
  5 toadstools (D:1)
5 creatures vanquished.

Grand Total: 71 creatures vanquished

Notes
Turn   | Place    | Note
-------+----------+-------------------------------------------
     0 | D:1      | tehllama the Octopode Transmuter began the quest for the Orb.
     0 | D:1      | Reached XP level 1. HP: 13/13 MP: 3/3
   308 | D:1      | Reached XP level 2. HP: 18/18 MP: 3/5
  1048 | D:2      | Found a faded altar of an unknown god.
  1064 | D:2      | Reached skill level 4 in Unarmed Combat
  1064 | D:2      | Reached XP level 3. HP: 11/23 MP: 6/6
  1073 | D:2      | Reached skill level 1 in Stealth
  1614 | D:2      | Reached XP level 4. HP: 28/28 MP: 5/7
  1636 | D:2      | Found a shattered altar of Ashenzari.
  2719 | D:3      | Reached XP level 5. HP: 33/33 MP: 8/8
  2838 | D:3      | Found a basalt altar of Yredelemnul.
  3096 | D:4      | HP: 2/49 [poisoned by a scorpion]
  3098 | D:4      | Succumbed to a scorpion's poison

Vault maps used:
D:1:      ldierk_walled_garden
D:2:      nicolae_ashenzari_panopticon, chequers_ecumenical_altar_simple_redux
D:3:      marbit_many_paths, first_bread, serial_undead, serial_undead_f,
          serial_undead_f, serial_undead_c, serial_undead_b
D:4:      xom_butterflies, serial_forest, infiniplex_forest_clump_small,
          infiniplex_forest_clump_large, infiniplex_forest_clump_small,
          infiniplex_forest_lined_3_way, infiniplex_forest_lined_room_

Skill      XL: |  1  2  3  4 |
---------------+-------------+-----
Unarmed Combat | 4 |  4.9
Stealth        | 2 3 |  3.9
Fighting       | |  1.0
Dodging        | |  2.0
Spellcasting   | |  2.0
Transmutations | |  2.0

Action                   |  1- 3 |  4- 6 || total
-------------------------+-------+-------++-------
Melee: Unarmed           |    68 |    68 ||   136
       Constrict         |    19 |    13 ||    32
       Tentacles         |    12 |     6 ||    18
       Kick              |     9 |    14 ||    23
       Punch             |     2 |     1 ||     3
 Cast: Beastly Appendage |    13 |    21 ||    34
  Use: Potion            |     1 |     1 ||     2
 Stab: Sleeping          |     4 |    11 ||    15
  Eat: Chunk             |     2 |     5 ||     7
Armor: Skin              |     3 |     2 ||     5
Dodge: Dodged            |    54 |    35 ||    89
